 Dungeon Crawl Stone Soup version 0.28-a0-704-g4d584c6bc1 (webtiles) character file.

Game seed: 3668289954594200178

0 Gargoyl the Skirmisher (level 1, -19/23 HPs)
             Began as a Gnoll Abyssal Knight on Oct 24, 2021.
             Was a Follower of Lugonu.
             Demolished by a wolf spider (22 damage)
             ... summoned by a worldbinder
             ... on level 2 of the Abyss.
             The game lasted 00:00:12 (102 turns).

Gargoyl the Skirmisher (Gnoll Abyssal Knight)        Turns: 102, Time: 00:00:13

Health: -19/23     AC:  3    Str:  8 (10) XL:     1   Next: 0%
Magic:  3/3        EV: 11    Int:  4 (9)  God:    Lugonu [*.....]
Gold:   0          SH:  0    Dex:  9 (12) Spells: 0/0 levels left

rFire   . . .      SeeInvis .   a - +1 hand axe
rCold   . . .      Faith    .   (no shield)
rNeg    . . .      Spirit   .   b - +0 leather armour
rPois   .          Reflect  .   (no helmet)
rElec   .          Harm     .   (no cloak)
rCorr   .          Rampage  .   (no gloves)
Will    .....                   (no boots)
Stlth   +.........              (no amulet)
HPRegen 0.07/turn               (no ring)
MPRegen 0.08/turn               (no ring)

@: no status effects
A: fangs 1, strong nose, distributed training, weak 1
a: Renounce Religion, Depart the Abyss


You were on level 2 of the Abyss.
You worshipped Lugonu.
Lugonu was aware of your devotion.
You visited 0 branches of the dungeon, and saw 0 of its levels.
You visited the Abyss 1 time.

Inventory:

Hand Weapons
 a - a +1 hand axe (weapon)
Armour
 b - a +0 leather armour (worn)


   Skills:
 + Level 6.4 Fighting
 + Level 0.0 Short Blades
 + Level 0.0 Long Blades
 + Level 4.4 Axes
 + Level 0.0 Maces & Flails
 + Level 0.0 Polearms
 + Level 0.0 Staves
 + Level 0.0 Slings
 + Level 0.0 Bows
 + Level 0.0 Crossbows
 + Level 0.0 Throwing
 + Level 4.4 Armour
 + Level 2.3 Dodging
 + Level 0.0 Stealth
 + Level 0.0 Shields
 + Level 0.0 Unarmed Combat
 + Level 0.0 Spellcasting
 + Level 0.0 Conjurations
 + Level 0.0 Hexes
 + Level 0.0 Summonings
 + Level 0.0 Necromancy
 + Level 0.0 Translocations
 + Level 0.0 Transmutations
 + Level 0.0 Fire Magic
 + Level 0.0 Ice Magic
 + Level 0.0 Air Magic
 + Level 0.0 Earth Magic
 + Level 0.0 Poison Magic
 + Level 4.4 Invocations
 + Level 0.0 Evocations


You couldn't memorise any spells.
You didn't know any spells.
Your spell library was empty.

Dungeon Overview and Level Annotations

Branches:
Dungeon (0/15)

Altars:


Innate Abilities, Weirdness & Mutations

You have very sharp teeth.
Your uncanny sense of smell can sniff out nearby items.
Your experience applies equally to all skills.
You are weak. (Str -2)


Message History

Found a gateway leading deeper into the Abyss.
There are monsters nearby!
A ynoxinul comes into view.
The neqoxec gestures at you.
You feel dopey. Something feeds on your intellect!
A lurking horror comes into view.
Found a smoky coppery potion.
Your body is wracked with pain!
The ynoxinul gestures.
The neqoxec gestures at you.
Strange energies course through your body.
You feel weaker.
The ufetubus shouts!
The neqoxec gestures at you.
You feel dopey. Something feeds on your intellect!
There is a gateway leading deeper into the Abyss here.
The ynoxinul gestures.
You plunge deeper into the Abyss.
Unknown command.
A worldbinder emerges from the beyond.
The worldbinder calls forth creatures from the Spider Nest!
A ynoxinul comes into view.
The worldbinder calls forth creatures from the Spider Nest!
The ynoxinul bellows!
The wolf spider hisses angrily.
The wolf spider disappears in a puff of smoke!
You hit the ynoxinul.
The ynoxinul is lightly wounded.
The ynoxinul hits you but does no damage.
The worldbinder calls forth creatures from the Spider Nest!
You hit the ynoxinul.
The ynoxinul is lightly wounded.
You hit the worldbinder but do no damage.
You barely miss the wolf spider.
The wolf spider disappears in a puff of smoke!
The ynoxinul hits you! The worldbinder hits you. x2
* * * LOW HITPOINT WARNING * * *
The wolf spider hits you!!
Ouch! That really hurt!
You die...

# ..##x.##..#...
∆#.......#...###
.##......... ...
......#..#..#.
.##...##.#.#. .
# #..#.##.### .#
#.##s.#§§.# #
#..xs..###
#.#@s.#.# #3####
# #.# #.# ∆ #. .
#


You could see 2 wolf spiders, a worldbinder, a ynoxinul and a tarantella
(summoned).

Vanquished Creatures (others)
  A lurking horror (Abyss:1)
1 creature vanquished.

Notes
Turn   | Place    | Note
-------+----------+-------------------------------------------
     0 | Abyss:1  | Gargoyl the Gnoll Abyssal Knight began the quest for the
                  | Orb.
     0 | Abyss:1  | Reached XP level 1. HP: 23/23 MP: 3/3
    41 | Abyss:1  | Noticed a small abomination
    41 | Abyss:1  | Noticed a neqoxec
    42 | Abyss:1  | Noticed a ynoxinul
    47 | Abyss:1  | Gained mutation: You are weak. (Str -2) [a neqoxec]
    86 | Abyss:2  | Noticed a worldbinder
    92 | Abyss:2  | Noticed a wolf spider
    99 | Abyss:2  | Noticed a ynoxinul
   100 | Abyss:2  | Noticed a wolf spider
   100 | Abyss:2  | Noticed a wolf spider
   102 | Abyss:2  | Noticed a wolf spider
   102 | Abyss:2  | Noticed a tarantella
   102 | Abyss:2  | Demolished by a wolf spider

Illustrated notes

Levels and vault maps discovered:
Abyss:2:  base:
Temple

Action                   || total
-------------------------++-------
Melee: Hand axe          ||     2
  Use: Potion            ||     1
Armor: Leather armour    ||     1

Table legend: (Time is in decaauts)
 A = Elapsed time spent in this place.
 B = Non-inter-level travel time spent in this place.
 C = Inter-level travel time spent in this place.
 D = Time resting spent in this place.
 E = Time spent auto-exploring this place.
 F = Levels seen in this place.
 G = Mean time per level.
                   A        B        C        D        E       F      G
               +--------+--------+--------+--------+--------+-----+--------+
         Total |    101 |    101 |      0 |      0 |     72 |   2 |   50.5 |
         Abyss |    101 |    101 |      0 |      0 |     72 |   2 |   50.5 |
               +--------+--------+--------+--------+--------+-----+--------+

Top non-repeatable levels by time:
 Abyss:1: 51 daAuts
 Abyss:2: 50 daAuts
